 Dungeon Crawl Stone Soup version 0.32-a0-558-g233958a4c4 (webtiles) character file.

Game seed: 7625698708589518961

2450 kae the Thaumaturge (level 9, -6/52 HPs)
             Began as a Deep Elf Fire Elementalist on Mar 1, 2024.
             Was a Follower of Vehumet.
             Mangled by Maggie
             ... wielding a +0 glaive
              (11 damage)
             ... on level 7 of the Dungeon.
             The game lasted 00:05:32 (7802 turns).

kae the Thaumaturge (Deep Elf Fire Elementalist)    Turns: 7802, Time: 00:05:32

Health: -6/52      AC:  4    Str:  5    XL:     9   Next: 25%
Magic:  13/23      EV: 12    Int: 25    God:    Vehumet [*.....]
Gold:   337        SH:  0    Dex: 15    Spells: 12/25 levels left

rFire   . . .        (no weapon)
rCold   . . .        (no shield)
rNeg    . . .        a - +0 robe
rPois   +            l - +1 helmet
rElec   .            (no cloak)
rCorr   +            (no gloves)
SInv    .            (no boots)
Will    .....        g - amulet of regeneration
Stlth   ++           P - ring of poison resistance
HPRegen 1.08/turn    R - ring of resist corrosion
MPRegen 0.18/turn

%: no passive effects
@: mesmerised
A: no striking features
a: Renounce Religion


You were on level 7 of the Dungeon.
You worshipped Vehumet.
Vehumet was aware of your devotion.
You visited 2 branches of the dungeon, and saw 8 of its levels.

You collected 337 gold pieces.


   Skills:
 + Level 4.5 Fighting
 - Level 2.4 Dodging
 - Level 2.4 Stealth
 + Level 8.6 Spellcasting
 + Level 6.8 Conjurations
 + Level 8.3 Fire Magic


You had 12 spell levels left.
You knew the following spells:

 Your Spells              Type           Power      Damage    Failure   Level
a - Foxfire               Conj/Fire      100%       2x1d9     1%          1
b - Scorch                Fire           100%       2d9       1%          2
c - Inner Flame           Hex/Fire       31%        N/A       3%          3
d - Volatile Blastmotes   Fire/Tloc      62%        2d15      3%          3
e - Flame Wave            Conj/Fire      48%        2d12      2%          4

Your spell library contained the following spells:

 Spells                   Type           Power      Damage    Failure   Level
 Magic Dart               Conj           100%       1d8       1%          1
 Ensorcelled Hibernation  Hex/Ice        20%        N/A       9%          2
 Passwall                 Erth           10%        N/A       17%         3
 Swiftness                Air            10%        N/A       17%         3

Inventory:

Hand Weapons
 x - a +4 short sword
   (You took it off a kobold brigand on level 7 of the Dungeon)
 B - a +4 short sword
   (You took it off a kobold on level 7 of the Dungeon)
Missiles
 d - 79 stones
 s - 6 boomerangs
 t - 5 curare-tipped darts {=f}
 D - 15 poisoned darts
Armour
 a - a +0 robe (worn)
 l - a +1 helmet (worn)
   (You took it off Robin on level 3 of the Dungeon)
Magical Staves
 A - a staff of air {!a}
   (You found it on level 6 of the Dungeon)
Jewellery
 g - an amulet of regeneration (around neck)
   (You found it on level 2 of the Dungeon)
 v - a ring of see invisible
   (You took it off a kobold on level 7 of the Dungeon)
 y - an amulet of reflection
   (You found it on level 6 of the Dungeon)
 P - a ring of poison resistance (left hand)
   (You found it on level 1 of the Dungeon)
 R - a ring of resist corrosion (right hand)
   (You found it on level 1 of the Dungeon)
 T - an amulet of faith {!P}
   (You found it on level 6 of the Dungeon)
Wands
 u - a wand of warping (4)
   (You found it on level 5 of the Dungeon)
 w - a wand of charming (8)
   (You found it on level 5 of the Dungeon)
Scrolls
 c - 6 scrolls of blinking {!r}
 j - a scroll of revelation
 n - a scroll of fog
Potions
 b - 2 potions of magic
 e - a potion of brilliance {unknown}
 f - a potion of degeneration {!q}
 h - a potion of mutation {unknown}
 i - 2 potions of invisibility {unknown}
 k - 2 potions of attraction {!q}
 m - a potion of lignification {!q}
 o - 3 potions of ambrosia {unknown}
 p - a potion of might
 q - a potion of haste {unknown}
 r - 3 potions of curing {@q1}
 z - a potion of heal wounds {unknown}
 C - a potion of enlightenment {unknown}

Dungeon Overview and Level Annotations

Branches:
Dungeon (7/15) Zot: 26687  Temple (1/1) D:5 Zot: 5965

Altars:
Ashenzari
Cheibriados
Dithmenos
Elyvilon
Fedhas
Hepliaklqana
Makhleb
Nemelex Xobeh
Okawaru
Qazlal
Ru
Sif Muna
Trog
Uskayaw
Vehumet
Wu Jian
Yredelemnul
The Shining One

Annotations:
D:4 Grinder
D:7 Maggie

.##.#...........).....
###.##..####.###.....
###.##...........####
..........ยง.........#
###.##..##.#####.####
..............##.####
....##......#.......###.
.........................
....##.....ยง#...@...###..
.##.##......#.##.####
.##.##......#...@.......
...........#####..####..
.......[..)........
.##.####.#)#####....
.........)........###
.##.####.#.#####.## #.#
#.#.#####.# #..# .


You could see Maggie (mesmerising, combustible).


Message History

Confirm with . or Enter, or press ? or * to list all spells.
You can't see any susceptible monsters within range! (Use Z to cast anyway.)
Casting: Foxfire (safe; 1% risk of failure)
Confirm with . or Enter, or press ? or * to list all spells.
You can't see any susceptible monsters within range! (Use Z to cast anyway.)
Casting: Foxfire (safe; 1% risk of failure)
Confirm with . or Enter, or press ? or * to list all spells.
You conjure some foxfire!
The foxfire hits the white imp.
The white imp is burned terribly!
The white imp gestures at you.
The puff of frost hits you! ๐Ÿ˜• HP[-7] MP[-1]
You take 7 damage, and now have 45/52 hp.
You lost 1 mp, and now have 22/23 mp.
Casting: Foxfire (safe; 1% risk of failure)
Confirm with . or Enter, or press ? or * to list all spells.
Flames lash the white imp.
The white imp is burned terribly!
You kill the white imp!
Vehumet accepts your kill.
Maggie the Vainglorious comes into view.
She is wielding a +0 glaive. ๐Ÿ˜• HP[+2] MP[-2]
You regained 2 hp, and now have 47/52 hp.
You lost 2 mp, and now have 20/23 mp. ๐Ÿ˜• HP[+1] MP[+1]
Casting: Scorch (safe; 1% risk of failure)
Confirm with . or Enter, or press ? or * to list all spells.
You conjure some foxfire! ๐Ÿ˜• HP[+2] MP[-1]
You regained 2 hp, and now have 50/52 hp.
You lost 1 mp, and now have 20/23 mp.
Maggie is nearby!
Maggie is nearby! ๐Ÿ˜Ž HP[+2] MP[+2]
Your hp is fully restored (52).
You regained 2 mp, and now have 22/23 mp.
Maggie is nearby!
Casting: Foxfire (safe; 1% risk of failure)
Confirm with . or Enter, or press ? or * to list all spells.
You conjure some foxfire!
Maggie shouts!
The foxfire hits Maggie!
Maggie gestures wildly while chanting.
Maggie attempts to bespell you!
You are mesmerised by Maggie!
Casting: Foxfire (safe; 1% risk of failure)
Confirm with . or Enter, or press ? or * to list all spells.
You can't see any susceptible monsters within range! (Use Z to cast anyway.) Unknown command.
Casting: Foxfire (safe; 1% risk of failure)
Confirm with . or Enter, or press ? or * to list all spells.
You conjure some foxfire!
The foxfire hits Maggie!
The foxfire hits Maggie but does no damage. ๐Ÿ˜Ž MP[-1]
You lost 1 mp, and now have 21/23 mp.
Casting: Foxfire (safe; 1% risk of failure)
Confirm with . or Enter, or press ? or * to list all spells.
Flames lash Maggie.
Maggie's fire resistance burns away.
The foxfire hits Maggie.
Maggie is burned terribly!
Maggie gestures at you while chanting. The bolt of fire hits you!
Maggie closely misses you. ๐Ÿ˜• HP[-11] MP[-2]
You take 11 damage, and now have 41/52 hp.
MASSIVE DAMAGE!! (PAUSE)
You lost 2 mp, and now have 19/23 mp.
Casting: Scorch (safe; 1% risk of failure)
Confirm with . or Enter, or press ? or * to list all spells.
Flames lash Maggie.
Maggie is burned terribly!
Maggie hits you from afar with a +0 glaive!
Maggie hits you from afar with a +0 glaive. ๐Ÿ˜ฎ HP[-12] MP[-1]
You take 12 damage, and now have 29/52 hp.
MASSIVE DAMAGE!! (PAUSE)
You lost 1 mp, and now have 18/23 mp.
Casting: Scorch (safe; 1% risk of failure)
Confirm with . or Enter, or press ? or * to list all spells.
Flames lash Maggie.
Maggie is burned terribly!
Maggie barely misses you. Maggie casts a spell at you.
The bolt of fire hits you!!
* * * LOW HITPOINT WARNING * * *
๐Ÿ˜ฑ HP[-17] MP[-2]
You take 17 damage, and now have 12/52 hp.
MASSIVE DAMAGE!! (PAUSE)
You lost 2 mp, and now have 16/23 mp.
Casting: Scorch (safe; 1% risk of failure)
Confirm with . or Enter, or press ? or * to list all spells.
Flames lash Maggie but do no damage.
Maggie casts a spell.
Maggie draws you further into her thrall.
Maggie closely misses you. ๐Ÿ˜จ HP[+2] MP[-2]
You regained 2 hp, and now have 14/52 hp.
You lost 2 mp, and now have 14/23 mp.
Casting: Scorch (safe; 1% risk of failure)
Confirm with . or Enter, or press ? or * to list all spells.
Flames lash Maggie.
Maggie hits you from afar with a +0 glaive!
* * * LOW HITPOINT WARNING * * *
Maggie hits you from afar with a +0 glaive!
You die...

Skill      XL: |  1  2  3  4  5  6  7  8 |
---------------+-------------------------+-----
Fire Magic     | 4 5 6 8 |  8.3
Conjurations   | 2 3 4 5 6 |  6.8
Spellcasting   | 4 5 6 8 |  8.6
Fighting       | 1 2 4 |  4.5
Dodging        | |  2.4
Stealth        | |  2.4

Action                     |  1- 3 |  4- 6 |  7- 9 || total
---------------------------+-------+-------+-------++-------
  Melee: Unarmed           |     1 |       |       ||     1
   Cast: Foxfire           |    81 |   110 |    59 ||   250
         Scorch            |     5 |    19 |    58 ||    82
         Flame Wave        |       |       |     4 ||     4
    Use: Scroll            |     5 |     7 |     5 ||    17
 Armour: Robe              |    17 |    20 |    99 ||   136
  Dodge: Dodged            |    16 |    24 |    73 ||   113

Levels and vault maps discovered:
D:1:      mrwooster_arrival_statue_3, layout_basic, serial_forest,
          infiniplex_forest_clump_tiny, infiniplex_forest_lined_corner,
          infiniplex_forest_end_3, infiniplex_forest_clump_C,
          infiniplex_forest_straight_2, infiniplex_forest_clump_small,
          nrook_campfire
D:2:      layout_loops_corners
D:3:      layout_basic, uniq_terence, uniq_robin, uniq_natasha
D:4:      layout_gridville, uniq_grinder
D:5:      layout_loops_cross, kennysheep_mini_moat, kennysheep_little_box,
          minmay_temple_entry_glassed_door, uniq_blork_the_orc
D:6:      layout_loops_ring, hellmonk_ghost_happy_afterlife, patterned_corridor,
          uniq_prince_ribbit1, uniq_eustachio
D:7:      layout_basic, uniq_maurice, uniq_maggie
Temple:   eino_temple_scatter_basement

Notes
Turn   | Place    | Note
-------+----------+-------------------------------------------
     0 | D:1      | kae the Deep Elf Fire Elementalist began the quest for the
                  | Orb.
     0 | D:1      | Reached XP level 1. HP: 10/10 MP: 6/6
     0 | D:1      | magus.rc [v1.11.3]
   312 | D:1      | Reached XP level 2. HP: 15/15 MP: 5/8
   478 | D:1      | Learned a level 2 spell: Scorch
  1176 | D:2      | Identified the +6 mace "Fuites" {antimagic, rF+ Int+2}
  1270 | D:2      | Reached skill level 4 in Fire Magic
  1429 | D:2      | Reached XP level 3. HP: 19/19 MP: 8/10
  1433 | D:2      | Learned a level 3 spell: Inner Flame
  1437 | D:2      | Learned a level 3 spell: Volatile Blastmotes
  1617 | D:2      | Reached skill level 2 in Conjurations
  2520 | D:3      | Noticed Terence
  2568 | D:3      | Reached XP level 4. HP: 24/24 MP: 8/11
  2691 | D:3      | Noticed Natasha
  2705 | D:3      | Killed Natasha
  2706 | D:3      | Reached skill level 4 in Spellcasting
  2807 | D:3      | Noticed Natasha
  2812 | D:3      | Killed Natasha
  2896 | D:3      | Noticed Robin
  2923 | D:3      | Noticed Natasha
  2927 | D:3      | Killed Natasha
  2928 | D:3      | Reached skill level 5 in Fire Magic
  2928 | D:3      | Reached XP level 5. HP: 28/28 MP: 10/13
  2982 | D:3      | Killed Robin
  2983 | D:3      | Reached skill level 3 in Conjurations
  3592 | D:3      | Killed Terence
  3593 | D:3      | Reached XP level 6. HP: 12/33 MP: 4/15
  3720 | D:3      | You pick up a book of Burglary and begin reading...
  3720 | D:3      | You add the spells Ensorcelled Hibernation, Swiftness and
                  | Passwall to your library.
  3955 | D:4      | Learned a level 4 spell: Flame Wave
  4373 | D:4      | Reached skill level 1 in Fighting
  4373 | D:4      | Reached skill level 5 in Spellcasting
  4487 | D:4      | Noticed Grinder
  4834 | D:5      | Entered Level 5 of the Dungeon
  4850 | D:5      | Identified the +0 robe of Decompression {rF+ Str+3 Dex+3
                  | Stlth-}
  4868 | D:5      | Noticed a water moccasin
  4873 | D:5      | Killed a water moccasin
  4978 | D:5      | Found a staircase to the Ecumenical Temple.
  4982 | Temple   | Entered the Ecumenical Temple
  4999 | Temple   | Became a worshipper of Vehumet
  5067 | D:5      | Reached skill level 6 in Fire Magic
  5275 | D:5      | Reached skill level 4 in Conjurations
  5275 | D:5      | Reached XP level 7. HP: 39/39 MP: 12/17
  5398 | D:5      | Reached skill level 2 in Fighting
  5586 | D:5      | Reached skill level 6 in Spellcasting
  5695 | D:5      | Found a sparkling altar of Nemelex Xobeh.
  5929 | D:5      | Found a broken altar of Ashenzari.
  6100 | D:5      | Noticed Blork the orc
  6111 | D:5      | Killed Blork the orc
  6183 | D:5      | Reached skill level 5 in Conjurations
  6183 | D:5      | Reached XP level 8. HP: 32/45 MP: 12/20
  6266 | D:6      | Reached skill level 3 in Fighting
  6328 | D:6      | HP: 11/46 [centaur (5)]
  6331 | D:6      | Reached skill level 7 in Fire Magic
  6333 | D:6      | Reached skill level 7 in Spellcasting
  6449 | D:6      | Noticed Prince Ribbit
  6461 | D:6      | Killed Prince Ribbit
  6585 | D:6      | Noticed Eustachio
  6609 | D:6      | Killed Eustachio
  6610 | D:6      | Reached skill level 6 in Conjurations
  7007 | D:6      | Reached skill level 4 in Fighting
  7007 | D:6      | Reached skill level 8 in Spellcasting
  7048 | D:6      | Found a runed translucent door.
  7048 | D:6      | Noticed TobyConnect's ghost (novice OpFi)
  7251 | D:6      | Reached * piety under Vehumet
  7251 | D:6      | Offered knowledge of Magic Dart by Vehumet.
  7415 | D:6      | HP: 12/48 [TobyConnect's ghost (12)]
  7417 | D:6      | Killed TobyConnect's ghost
  7418 | D:6      | Reached skill level 8 in Fire Magic
  7418 | D:6      | Reached XP level 9. HP: 11/52 MP: 15/23
  7771 | D:7      | Noticed Maggie
  7798 | D:7      | HP: 12/52 [Maggie/bolt of fire (19)]
  7801 | D:7      | HP: 4/52 [Maggie/+0 glaive (11)]
  7802 | D:7      | Mangled by Maggie

Vanquished Creatures
  The ghost of TobyConnect the Trooper, a novice OpFi of Gozag (D:6)
  Prince Ribbit (D:6)
  Eustachio (D:6)
  2 water moccasins (D:5)
  An ice beast (D:6)
  An ogre (D:5)
  2 centaurs (D:6)
  A phantom (D:6)
  A kobold brigand (D:7)
  Blork the orc (D:5)
  A bullfrog (D:6)
  2 scorpions
  A howler monkey (D:5)
  A bombardier beetle (D:6)
  A jelly (D:7)
  A gnoll bouda (D:5)
  3 hounds
  2 orc priests
  Terence (D:3)
  2 iguanas (D:6)
  Natasha (thrice) (D:3)
  4 orc wizards
  Robin (D:3)
  4 gnolls (D:5)
  6 adders
  A white imp (D:7)
  2 ufetubi (D:5)
  2 dart slugs
  3 ribbon worms
  15 orcs
  8 bats
  6 endoplasms
  2 giant cockroaches
  12 goblins
  7 hobgoblins
  8 jackals
  4 quokkas
  5 ball pythons
  4 frilled lizards (D:2)
  10 kobolds
  8 rats
142 creatures vanquished.

Vanquished Creatures (collateral kills)
  A black bear (D:7)
  An orc wizard (D:7)
  An orc (D:7)
  5 foxfires (D:1)
8 creatures vanquished.

Vanquished Creatures (others)
  409 foxfires
409 creatures vanquished.

Grand Total: 559 creatures vanquished

Table legend:
 A = Non-vault XP
 B = Vault XP
 C = Vault XP percentage of total XP
 D = Non-vault monster count
 E = Vault monster count
 F = Vault count percentage of total count
                 A         B        C        D         E       F
            +---------+---------+-------+---------+---------+-------
      Total |    2431 |    1069 |  30.5 |     129 |      16 |  11.0
            +---------+---------+-------+---------+---------+-------
        D:1 |      33 |       0 |   0.0 |      19 |       0 |   0.0
        D:2 |      63 |       2 |   3.1 |      24 |       1 |   4.0
        D:3 |     185 |     104 |  36.0 |      16 |      11 |  40.7
        D:4 |      85 |       0 |   0.0 |      17 |       0 |   0.0
        D:5 |     829 |      99 |  10.7 |      22 |       1 |   4.3
        D:6 |     902 |     864 |  48.9 |      15 |       3 |  16.7
        D:7 |     334 |       0 |   0.0 |      16 |       0 |   0.0
            +---------+---------+-------+---------+---------+-------

Skill      XL: |  1  2  3  4  5  6  7  8 |
---------------+-------------------------+-----
Fire Magic     | 4 5 6 8 |  8.3
Conjurations   | 2 3 4 5 6 |  6.8
Spellcasting   | 4 5 6 8 |  8.6
Fighting       | 1 2 4 |  4.5
Dodging        | |  2.4
Stealth        | |  2.4

Action                     |  1- 3 |  4- 6 |  7- 9 || total
---------------------------+-------+-------+-------++-------
  Melee: Unarmed           |     1 |       |       ||     1
   Cast: Foxfire           |    81 |   110 |    59 ||   250
         Scorch            |     5 |    19 |    58 ||    82
         Flame Wave        |       |       |     4 ||     4
    Use: Scroll            |     5 |     7 |     5 ||    17
 Armour: Robe              |    17 |    20 |    99 ||   136
  Dodge: Dodged            |    16 |    24 |    73 ||   113

Illustrated notes

Table legend:
 A = Kills in this place as a percentage of kills in the entire game.
 B = Kills by you in this place as a percentage of kills by you in the entire game.
 C = Kills by friends in this place as a percentage of kills by friends in the entire game.
 D = Other kills in this place as a percentage of other kills in the entire game.
 E = Experience gained in this place as a percentage of experience gained in the entire game.
 F = Experience gained in this place divided by the number of levels of this place that you have seen.
                   A       B       C       D       E      F
               +-------+-------+-------+-------+-------+----------------------
         Total | 100.0 | 100.0 | 100.0 |   N/A | 100.0 | 437.5
       Dungeon | 100.0 | 100.0 | 100.0 |   N/A | 100.0 | 500.0
               +-------+-------+-------+-------+-------+----------------------

Table legend: (Time is in decaauts)
 A = Elapsed time spent in this place.
 B = Non-inter-level travel time spent in this place.
 C = Inter-level travel time spent in this place.
 D = Time resting spent in this place.
 E = Time spent auto-exploring this place.
 F = Levels seen in this place.
 G = Mean time per level.
                   A        B        C        D        E       F      G
               +--------+--------+--------+--------+--------+-----+--------+
         Total |   7804 |   7487 |    317 |    317 |   6085 |   8 |  975.5 |
       Dungeon |   7770 |   7486 |    284 |    317 |   6085 |   7 | 1110.0 |
        Temple |     34 |      1 |     33 |      0 |      0 |   1 |   34.0 |
               +--------+--------+--------+--------+--------+-----+--------+

Top non-repeatable levels by time:
     D:2: 1469 daAuts
     D:5: 1329 daAuts
     D:6: 1293 daAuts
     D:1: 1168 daAuts
     D:3: 1150 daAuts
     D:4: 1047 daAuts
     D:7: 311 daAuts
  Temple: 34 daAuts
